 Dungeon Crawl Stone Soup version 0.25.1-2-g60ff931df9 (console) character file.

Game seed: 1053571808028804495

133 Colgate the Stinger (level 5, -3/42 HPs)
             Began as a Naga Venom Mage on July 31, 2020.
             Was an Initiate of Vehumet.
             Slain by Ebobla's ghost (6 damage)
             ... on level 3 of the Dungeon.
             The game lasted 00:31:53 (3505 turns).

Colgate the Stinger (Naga Venom Mage)               Turns: 3505, Time: 00:31:54

Health: -3/42      AC:  3    Str: 10    XL:     5   Next: 16%
Magic:  8/8        EV:  9    Int: 17    God:    Vehumet [......]
Gold:   138        SH:  3    Dex: 11    Spells: 5/8 levels left

rFire    x . .     SeeInvis +   A - +3 mace (protect)
rCold    + . .     Gourm    .   r - +0 buckler
rNeg     . . .     Faith    .   a - +0 robe
rPois    +         Spirit   .   e - +0 helmet
rElec    .         Reflect  .   (no cloak)
rCorr    .         Harm     .   (no gloves)
MR       .....                  (no barding)
Stlth    ++........             (no amulet)
HPRegen  0.14/turn              q - ring of ice
MPRegen  0.11/turn              (no ring)

@: very slow
A: large, see invisible, deformed body, poison resistance, slowness 2, slow
metabolism 1, spit poison 1, AC +1
a: Spit Poison, Renounce Religion


You were on level 3 of the Dungeon.
You worshipped Vehumet.
Vehumet was noncommittal.
You were hungry.

You visited 1 branch of the dungeon, and saw 3 of its levels.

You collected 138 gold pieces.

Inventory:

Hand Weapons
 n - a +0 hunting sling
 p - a +0 mace
 w - a +0 spear of venom
 x - a +0 flail
 A - a +3 mace of protection (weapon)
Missiles
 g - 31 sling bullets
 j - 21 arrows
 o - 94 stones (quivered)
 z - 18 poisoned darts
Armour
 a - a +0 robe (worn)
 e - a +0 helmet (worn)
 r - a +0 buckler (worn)
 y - a +0 scale mail
Jewellery
 q - a ring of ice (left hand)
Scrolls
 b - 4 scrolls of teleportation {unknown}
 i - a scroll of magic mapping {unknown}
 l - a scroll of random uselessness {unknown}
 m - a scroll of fear {unknown}
 s - a scroll of blinking {unknown}
 t - a scroll of identify {unknown}
 B - a scroll of enchant weapon {unknown}
Potions
 d - a potion of haste {unknown}
 f - a potion of ambrosia {unknown}
 h - 2 potions of curing {unknown}
 k - 2 potions of brilliance {unknown}
 u - a potion of mutation {unknown}
 v - a potion of degeneration {unknown}
 D - a potion of invisibility {unknown}
Comestibles
 c - 4 rations
 C - a chunk of flesh


   Skills:
 + Level 0.0 Slings
 - Level 1.5 Dodging
 - Level 3.0 Stealth
 - Level 2.0 Spellcasting
 - Level 1.0 Transmutations
 - Level 1.3 Air Magic
 - Level 7.2 Poison Magic


You had 5 spell levels left.
You knew the following spells:

 Your Spells              Type           Power        Failure   Level  Hunger
a - Sting                 Tmut/Pois      ###.         6%          1    #......
b - Poisonous Vapours     Pois/Air       ###...       9%          2    ###....

Your spell library contained the following spells:

 Spells                   Type           Power        Failure   Level  Hunger
 Olgreb's Toxic Radiance  Pois           ####....     17%         4    #####..
 Mephitic Cloud           Conj/Pois/Air  ##......     30%         3    ###....
 Freeze                   Ice            #...         32%         1    #......
 Ignite Poison            Fire/Tmut/Pois ##......     32%         3    ###....
 Frozen Ramparts          Ice            #.....       67%         3    ###....
 Ozocubu's Armour         Chrm/Ice       #.......     67%         3    ###....
 Hailstorm                Conj/Ice       #.......     97%         4    #####..
 Summon Ice Beast         Ice/Summ       #.......     97%         4    #####..


Dungeon Overview and Level Annotations

Branches:
Dungeon (3/15)

Altars:
Nemelex Xobeh
Vehumet

Annotations:
D:3 Ebobla's ghost, amateur DsBe


Innate Abilities, Weirdness & Mutations

You cannot wear boots.
Your serpentine skin is tough. (AC +1)
You have supernaturally acute eyesight. (SInv)
Armour fits poorly on your strangely shaped body.
Your system is resistant to poisons. (rPois)
You cover ground very slowly.
You have a slow metabolism.
You can spit poison.


Message History

Ebobla's ghost hits you but does no damage.
The centaur zombie hits you but does no damage.
You closely miss Ebobla's ghost.
Ebobla's ghost is lightly damaged.
The hound zombie bites you but does no damage.
The centaur zombie closely misses you. Ebobla's ghost hits you.
The hound zombie barely misses you. The centaur zombie hits you.
* * * LOW HITPOINT WARNING * * *
Ebobla's ghost hits you but does no damage.
You miss Ebobla's ghost.
Ebobla's ghost is lightly damaged.
The hound zombie bites you but does no damage.
The centaur zombie barely misses you. You block Ebobla's ghost's attack.
The hound zombie bites you.
* * * LOW HITPOINT WARNING * * *
The centaur zombie hits you but does no damage.
You completely miss Ebobla's ghost.
Ebobla's ghost is lightly damaged.
The hound zombie barely misses you. The centaur zombie hits you.
* * * LOW HITPOINT WARNING * * *
Ebobla's ghost hits you.
You die...

.#.............# #..#
.#.<...........###########..#
.#.#............<...........#
.#.########################.#
.#..........##........# #.#
.##########...........# #.#
..........#...........# #.#
#########.#...........# #.#
.....# #.#.......%...# #.#
.....# #.#.##........# #.#
.....# #.#.#...@.....# #.#
.....####.#.###ZWZ###.# #.#
..........#.#.......# # ###
########..#.##.....## ..#
###..#.#....... #.#
#......##.$[..## #.#
#......#..#.#..
#.####......#########
#....'......# #.####......#
#.. +......#


You could see Ebobla's ghost, a hound zombie and a centaur zombie.

Vanquished Creatures
  An iguana (D:2)
  A worker ant (D:3)
  4 adders
  An ooze (D:1)
  3 dart slugs
  3 orcs (D:3)
  5 bats
  A goblin (D:2)
  5 hobgoblins
  3 kobolds
  3 quokkas
  A ball python (D:2)
  3 frilled lizards
  A jackal skeleton (D:2)
  5 rats
40 creatures vanquished.

Notes
Turn   | Place    | Note
-------+----------+-------------------------------------------
     0 | D:1      | Colgate the Naga Venom Mage began the quest for the Orb.
     0 | D:1      | Reached XP level 1. HP: 15/15 MP: 3/3
   434 | D:1      | Reached XP level 2. HP: 22/22 MP: 3/5
   438 | D:1      | Learned a level 2 spell: Poisonous Vapours
   944 | D:1      | Reached skill level 5 in Poison Magic
  1131 | D:2      | Reached XP level 3. HP: 28/28 MP: 1/6
  1641 | D:2      | Reached skill level 6 in Poison Magic
  1641 | D:2      | Reached XP level 4. HP: 36/36 MP: 0/7
  2354 | D:3      | Reached skill level 1 in Air Magic
  2612 | D:3      | Found a radiant altar of Vehumet.
  2615 | D:3      | Became a worshipper of Vehumet
  2616 | D:3      | Found a sparkling altar of Nemelex Xobeh.
  2958 | D:3      | Found a faded altar of an unknown god.
  3424 | D:3      | Found a runed translucent gate.
  3424 | D:3      | Found a runed translucent gate.
  3424 | D:3      | Found a runed translucent gate.
  3431 | D:3      | Reached skill level 7 in Poison Magic
  3431 | D:3      | Reached XP level 5. HP: 42/42 MP: 3/8
  3475 | D:3      | Noticed Ebobla's ghost (amateur DsBe)
  3505 | D:3      | Slain by Ebobla's ghost

Illustrated notes

Levels and vault maps discovered:
D:1:      lemuel_arrival_muddy, layout_loops_ring
D:2:      wander_river, layout_basic
D:3:      layout_basic, overflow_temple_1_default, lemuel_doored_altar,
          gammafunk_ghost_necromancy, first_ration,
          chequers_ecumenical_altar_grove, minmay_starry_boxes

Skill      XL: |  1  2  3  4 |
---------------+-------------+-----
Poison Magic   | 5 6 7 |  7.2
Air Magic      | 1 |  1.3
Dodging        | |  1.5
Stealth        | |  3.0
Spellcasting   | |  2.0
Transmutations | |  1.0

Action                   |  1- 3 |  4- 6 || total
-------------------------+-------+-------++-------
Melee: Unarmed           |     7 |       ||     7
       Dagger            |    16 |       ||    16
       Mace              |       |    27 ||    27
       Flail             |       |     6 ||     6
 Fire: Hunting sling     |    13 |    19 ||    32
 Cast: Sting             |     7 |       ||     7
       Poisonous Vapours |    13 |    11 ||    24
 Abil: Spit Poison       |    10 |     2 ||    12
 Stab: Sleeping          |     3 |       ||     3
  Eat: Chunk             |     3 |     5 ||     8
Armor: Robe              |     5 |    23 ||    28
Dodge: Dodged            |    17 |    22 ||    39
Block: Buckler           |       |     7 ||     7
